 Dungeon Crawl Stone Soup version 0.27-a0-1188-g73eefd5def (webtiles) character file.

Game seed: 14170767373875468680

133 Harga the Sneak (level 5, 0/31 HPs)
             Began as an Octopode Air Elementalist on May 22, 2021.
             Slain by an orc wizard
             ... wielding a +0 dagger
              (2 damage)
             ... on level 4 of the Dungeon.
             The game lasted 00:20:15 (4062 turns).

Harga the Sneak (Octopode Air Elementalist)         Turns: 4062, Time: 00:20:15

Health: 0/31       AC:  1    Str: 14    XL:     5   Next: 16%
Magic:  1/9        EV: 13    Int: 18    God:
Gold:   114        SH:  0    Dex: 12    Spells: 8/9 levels left

rFire    . . .     SeeInvis .   c - staff of earth
rCold    . . .     Faith    .   (no shield)
rNeg     . . .     Spirit   .   (helmet restricted)
rPois    .         Reflect  .   (no amulet)
rElec    .         Harm     .   g - +6 ring of strength
rCorr    .         Rampage  .   (no ring)
Will     .....                  (no ring)
Stlth    +++.......             (no ring)
HPRegen  0.10/turn              (no ring)
MPRegen  0.11/turn              (no ring)
                                (no ring)
                                (no ring)

@: no status effects
A: almost no armour, amphibious, 8 rings, camouflage 1, gelatinous body 1,
(nimble swimmer 1), tentacles
a: no special abilities


You were on level 4 of the Dungeon.
You visited 1 branch of the dungeon, and saw 4 of its levels.

You collected 114 gold pieces.

Inventory:

Magical Staves
 c - a staff of earth (weapon)
Jewellery
 g - a +6 ring of strength (left tentacle)
 m - a ring of positive energy
Scrolls
 b - a scroll of magic mapping {unknown}
 d - 4 scrolls of identify
 e - a scroll of fear {unknown}
 h - 4 scrolls of teleportation
 i - a scroll of enchant weapon {unknown}
 j - 2 scrolls of noise {unknown}
 k - 2 scrolls of fog {unknown}
Potions
 a - a potion of degeneration {unknown}
 f - a potion of curing {unknown}
 l - a potion of might {unknown}
 n - a potion of brilliance {unknown}


   Skills:
 + Level 2.9 Dodging
 + Level 4.0 Stealth
 + Level 2.8 Spellcasting
 + Level 2.2 Conjurations
 + Level 3.6 Air Magic


You had 8 spell levels left.
You knew the following spells:

 Your Spells              Type           Power      Damage    Failure   Level
a - Shock                 Conj/Air       52%        1d6       4%          1

Your spell library contained the following spells:

 Spells                   Type           Power      Damage    Failure   Level
 Static Discharge         Conj/Air       13%        N/A       8%          2
 Swiftness                Air            15%        N/A       11%         3
 Corpse Rot               Necr/Air       N/A        N/A       12%         2
 Pain                     Necr           8%         1d4       17%         1
 Summon Small Mammal      Summ           8%         N/A       17%         1
 Sublimation of Blood     Necr           1%         N/A       26%         2
 Airstrike                Air            7%         N/A       36%         4
 Confusing Touch          Hex            2%         N/A       45%         3
 Gell's Gravitas          Tloc           1%         N/A       45%         3
 Summon Lightning Spire   Summ/Air       9%         N/A       61%         4
 Lightning Bolt           Conj/Air       6%         1d18      80%         5
 Dispel Undead            Necr           2%         3d7       86%         4
 Petrify                  Tmut/Erth      3%         N/A       86%         4
 Metabolic Englaciation   Hex/Ice        1%         N/A       99%         5
 Yara's Violent Unravell  Hex/Tmut       1%         3d3       99%         5
 Shadow Creatures         Summ           N/A        N/A       100%        6


Dungeon Overview and Level Annotations

Branches:
Dungeon (4/15)
 Temple: D:4-7

Altars:
Gozag


Innate Abilities, Weirdness & Mutations

You cannot wear most types of armour.
You are amphibious.
You can wear up to eight rings at the same time.
Your skin changes colour to match your surroundings (Stealth+).
Your rubbery body absorbs attacks. (AC +1, EV +1)
((You are camouflaged near water. (Stealth+)))
You have tentacles for arms and can constrict up to eight enemies at once.


Message History

Casting: Shock (safe; 4% risk of failure)
Confirm with . or Enter, or press ? or * to list all spells.
Aiming: Shock (safe; 4% risk of failure)
Press: ? - help, Shift-Dir - straight line, f - orc wizard
Aim: an orc wizard, wielding a +0 dagger and wearing a +0 robe (60% to hit)
The zap hits the orc wizard.
The orc wizard is heavily wounded.
Casting: Shock (safe; 4% risk of failure)
Confirm with . or Enter, or press ? or * to list all spells.
Aiming: Shock (safe; 4% risk of failure)
Press: ? - help, Shift-Dir - straight line, f/p - orc wizard
Aim: an orc wizard, wielding a +0 dagger and wearing a +0 robe (moderately wounded, 60% to hit)
The zap hits the orc wizard but does no damage.
The orc wizard is moderately wounded.
Casting: Shock (safe; 4% risk of failure)
Confirm with . or Enter, or press ? or * to list all spells.
Aiming: Shock (safe; 4% risk of failure)
Press: ? - help, Shift-Dir - straight line, f/p - orc wizard
Aim: an orc wizard, wielding a +0 dagger and wearing a +0 robe (moderately wounded, 60% to hit)
The zap hits the orc wizard.
The orc wizard is heavily wounded.
You hit the orc wizard. Your grab misses the orc wizard.
The orc wizard is heavily wounded.
The orc wizard casts a spell at you. You resist with some effort.
You closely miss the orc wizard. Your grab misses the orc wizard.
The orc wizard is heavily wounded.
The orc wizard closely misses you.
You hit the orc wizard but do no damage.
Your grab misses the orc wizard.
The orc wizard is heavily wounded.
The orc wizard gestures at you while chanting.
The puff of flame hits you!
* * * LOW HITPOINT WARNING * * *
You hit the orc wizard but do no damage.
You grab the orc wizard.
The orc wizard is heavily wounded.
You constrict the orc wizard.
The orc wizard hits you with a +0 dagger.
You die...

#.^ #.# #.# #.#
######.#
#######.. ...#
####
........####.##
#...
.).).....o@...##
#.##
#########.##...##
#..# #.##....###
#... #.##......#
#..# #.######.##
###..# ..# #.#
##.#..# ### #.#
##.#....
#.###.###..#
#.##.## ##..


You could see an orc wizard.

Vanquished Creatures
  An iguana (D:3)
  An orc wizard (D:4)
  2 adders
  2 worms (D:2)
  2 dart slugs
  3 orcs
  4 ball pythons
  5 endoplasms
  A giant cockroach (D:3)
  4 goblins
  7 hobgoblins
  6 jackals (D:3)
  2 kobolds
  A quokka (D:2)
  4 bats
  A frilled lizard (D:1)
  2 rats
48 creatures vanquished.

Notes
Turn   | Place    | Note
-------+----------+-------------------------------------------
     0 | D:1      | Harga the Octopode Air Elementalist began the quest for the
                  | Orb.
     0 | D:1      | Reached XP level 1. HP: 11/11 MP: 3/3
   386 | D:1      | Reached XP level 2. HP: 17/17 MP: 0/5
   583 | D:1      | Reached skill level 3 in Stealth
   957 | D:1      | Found a faded altar of an unknown god.
   957 | D:1      | Found a faded altar of an unknown god.
  1084 | D:2      | Identified Giffih's Grimoire of Dark Illusion
  1377 | D:2      | Reached XP level 3. HP: 12/21 MP: 0/6
  2872 | D:3      | Reached XP level 4. HP: 20/27 MP: 2/7
  3418 | D:3      | Found an opulent altar of Gozag.
  4051 | D:4      | Reached skill level 4 in Stealth
  4051 | D:4      | Reached XP level 5. HP: 12/31 MP: 2/9
  4062 | D:4      | Slain by an orc wizard

Illustrated notes

Levels and vault maps discovered:
D:1:      psy_arrival_terrarium, layout_basic,
          hellmonk_ecumenical_altar_the_god_not_taken
D:2:      layout_basic
D:3:      layout_basic, nicolae_gozag_seed_capital
D:4:      layout_loops_ring, makhleb_blood_cavern_becter,
          ebering_ghost_inner_flame, abandoned_shop, uniq_crazy_yiuf_cottage

Skill      XL: |  1  2  3  4 |
---------------+-------------+-----
Stealth        | 3 4 |  4.0
Conjurations   | 2 |  2.2
Dodging        | |  2.9
Spellcasting   | |  2.8
Air Magic      | |  3.6

Action                   |  1- 3 |  4- 6 || total
-------------------------+-------+-------++-------
Melee: Staff             |    11 |    10 ||    21
       Constrict         |     4 |     1 ||     5
       Tentacles         |     4 |       ||     4
 Cast: Shock             |    80 |    40 ||   120
  Use: Scroll            |       |     1 ||     1
 Stab: Sleeping          |       |     2 ||     2
Armor: Skin              |       |     1 ||     1
Dodge: Dodged            |     6 |    13 ||    19

Table legend: (Time is in decaauts)
 A = Elapsed time spent in this place.
 B = Non-inter-level travel time spent in this place.
 C = Inter-level travel time spent in this place.
 D = Time resting spent in this place.
 E = Time spent auto-exploring this place.
 F = Levels seen in this place.
 G = Mean time per level.
                   A        B        C        D        E       F      G
               +--------+--------+--------+--------+--------+-----+--------+
         Total |   4064 |   4064 |      0 |   1216 |   1572 |   4 | 1016.0 |
       Dungeon |   4064 |   4064 |      0 |   1216 |   1572 |   4 | 1016.0 |
               +--------+--------+--------+--------+--------+-----+--------+

Top non-repeatable levels by time:
     D:2: 1727 daAuts
     D:3: 1180 daAuts
     D:1: 1059 daAuts
     D:4: 96 daAuts
